3111 views
Uploaded 2020-03-08 03:43:45
Game version 1.32.2
21:07 long 1on1 ladder game on (2)SwampedTemple
Saved by BEARAND
3111 views
Uploaded 2020-03-08 03:43:45
Game version 1.32.2
21:07 long 1on1 ladder game on (2)SwampedTemple

21 units @ 2.1k
/ 0.2k
57 buildings @ 2.8k
/ 1.5k



| Scroll of Regeneration | 1 | 100 |
| Potion of Healing | 4 | 600 |
| Staff of Sanctuary | 3 | 750 |
| Lesser Clarity Potion | 1 | 70 |
| Orb of Fire | 2 | 650 |
| Staff of Teleportation | 3 | 450 |
| Boots of Speed | 3 | 750 |
| Periapt of Vitality | 2 | 650 |
| Circlet of Nobility | 1 | 175 |
| total: | 20 | 4195g |
| Peasant | 18 | 1350 | / | 0 |
| Priest | 1 | 135 | / | 10 |
| Goblin Zeppelin | 1 | 240 | / | 60 |
| Goblin Shredder | 1 | 375 | / | 100 |
| total: | 21 | 2100g | / | 170w |
| Scout Tower | 47 | 1410 | / | 940 |
| Arcane Tower | 3 | 210 | / | 150 |
| Guard Tower | 33 | 2310 | / | 1650 |
| Altar of Kings | 1 | 180 | / | 50 |
| Farm | 4 | 320 | / | 80 |
| Lumber Mill | 1 | 120 | / | 0 |
| Town Hall | 1 | 385 | / | 205 |
| Arcane Vault | 2 | 260 | / | 60 |
| Arcane Sanctum | 1 | 150 | / | 140 |
| Keep | 1 | 320 | / | 210 |
| Castle | 1 | 360 | / | 210 |
| total: | 57 | 2825g | / | 1475w |
| 0:01 | Peasant |
| 0:02 | Peasant |
| 0:07 | Altar of Kings |
| 0:19 | Farm |
| 0:21 | Peasant |
| 0:23 | Lumber Mill |
| 0:25 | Scout Tower |
| 0:50 | Peasant |
| 0:51 | Peasant |
| 0:51 | Peasant |
| 0:57 | Peasant |
| 1:17 | Peasant |
| 1:23 | Farm |
| 1:25 | Scout Tower |
| 1:29 | Peasant |
| 1:29 | Peasant |
| 1:44 | Arcane Tower |
| 1:49 | Peasant |
| 1:59 | Scout Tower |
| 2:05 | Blizzard |
| 2:11 | Guard Tower |
| 2:24 | Peasant |
| 2:26 | Peasant |
| 2:39 | Guard Tower |
| 2:42 | Scout Tower |
| 2:43 | Scout Tower |
| 2:43 | Peasant |
| 3:18 | Brilliance Aura |
| 3:32 | Keep |
| 3:58 | Guard Tower |
| 3:58 | Guard Tower |
| 4:40 | Town Hall |
| 5:07 | Scout Tower |
| 5:08 | Scout Tower |
| 5:09 | Scout Tower |
| 5:10 | Scout Tower |
| 5:12 | Staff of Teleportation |
| 5:12 | Boots of Speed |
| 5:32 | Farm |
| 5:34 | Farm |
| 5:36 | Arcane Tower |
| 5:37 | Guard Tower |
| 6:03 | Arcane Vault |
| 6:05 | Peasant |
| 6:07 | Guard Tower |
| 6:25 | Peasant |
| 6:26 | Peasant |
| 6:39 | Blizzard |
| 7:08 | Scout Tower |
| 7:09 | Scout Tower |
| 7:09 | Scout Tower |
| 7:11 | Scout Tower |
| 7:13 | Scroll of Regeneration |
| 7:15 | Potion of Healing |
| 7:18 | Improved Masonry |
| 7:23 | Improved Lumber Harvesting |
| 7:27 | Scout Tower |
| 7:28 | Scout Tower |
| 7:30 | Scout Tower |
| 7:30 | Scout Tower |
| 7:31 | Scout Tower |
| 7:32 | Scout Tower |
| 7:32 | Scout Tower |
| 7:32 | Scout Tower |
| 7:40 | Guard Tower |
| 7:41 | Storm Bolt |
| 8:30 | Guard Tower |
| 8:59 | Guard Tower |
| 9:05 | Scout Tower |
| 9:09 | Scout Tower |
| 9:11 | Castle |
| 9:12 | Guard Tower |
| 9:17 | Staff of Teleportation |
| 9:19 | Boots of Speed |
| 9:21 | Boots of Speed |
| 9:25 | Periapt of Vitality |
| 9:26 | Circlet of Nobility |
| 9:31 | Guard Tower |
| 9:48 | Guard Tower |
| 10:11 | Guard Tower |
| 10:18 | Scout Tower |
| 10:19 | Scout Tower |
| 10:20 | Scout Tower |
| 10:20 | Scout Tower |
| 10:21 | Scout Tower |
| 10:22 | Scout Tower |
| 10:34 | Guard Tower |
| 10:52 | Potion of Healing |
| 10:52 | Potion of Healing |
| 10:55 | Guard Tower |
| 11:21 | Guard Tower |
| 11:26 | Arcane Sanctum |
| 11:46 | Bash |
| 11:50 | Guard Tower |
| 11:51 | Advanced Masonry |
| 12:25 | Arcane Vault |
| 12:30 | Guard Tower |
| 12:42 | Potion of Healing |
| 12:44 | Staff of Sanctuary |
| 12:46 | Holy Light |
| 13:01 | Brilliance Aura |
| 13:01 | Guard Tower |
| 13:16 | Scout Tower |
| 13:16 | Scout Tower |
| 13:17 | Scout Tower |
| 13:28 | Lesser Clarity Potion |
| 13:37 | Magic Sentry |
| 13:38 | Priest |
| 14:25 | Orb of Fire |
| 14:25 | Staff of Sanctuary |
| 14:30 | Guard Tower |
| 14:31 | Scout Tower |
| 14:32 | Scout Tower |
| 14:32 | Scout Tower |
| 14:36 | Orb of Fire |
| 14:47 | Staff of Sanctuary |
| 15:07 | Staff of Teleportation |
| 15:08 | Periapt of Vitality |
| 15:30 | Storm Bolt |
| 15:49 | Guard Tower |
| 16:16 | Divine Shield |
| 16:19 | Guard Tower |
| 16:23 | Peasant |
| 16:25 | Scout Tower |
| 16:26 | Scout Tower |
| 16:27 | Scout Tower |
| 16:27 | Scout Tower |
| 16:28 | Scout Tower |
| 16:41 | Scout Tower |
| 16:42 | Scout Tower |
| 16:42 | Scout Tower |
| 16:43 | Scout Tower |
| 17:14 | Goblin Zeppelin |
| 17:14 | Goblin Shredder |
| 17:23 | Imbued Masonry |
| 17:24 | Guard Tower |
| 17:25 | Guard Tower |
| 17:42 | Guard Tower |
| 18:08 | Arcane Tower |
| 18:18 | Guard Tower |
| 18:20 | Guard Tower |
| 18:25 | Scout Tower |
| 18:26 | Scout Tower |
| 18:27 | Scout Tower |
| 19:33 | Holy Light |
| 19:41 | Guard Tower |
| 20:34 | Bash |
| Right click | 1868 |
| Select | 665 |
| Select group | 280 |
| Build/train/purchase | 151 |
| Use ability | 95 |
| Misc. action | 28 |
| Assign group | 17 |
| Item give/drop | 12 |
| Chat | 7 |
| Remove unit | 1 |
40 units @ 7.4k
/ 1.4k
14 buildings @ 2.2k
/ 0.8k


| Scroll of Town Portal | 1 | 350 |
| total: | 1 | 350g |
| Acolyte | 7 | 525 | / | 0 |
| Ghoul | 4 | 480 | / | 0 |
| Crypt Fiend | 14 | 3010 | / | 560 |
| Obsidian Statue | 2 | 400 | / | 70 |
| Abomination | 8 | 1920 | / | 560 |
| Gargoyle | 1 | 175 | / | 30 |
| Meat Wagon | 4 | 920 | / | 200 |
| total: | 40 | 7430g | / | 1420w |
| Nerubian Tower | 3 | 300 | / | 60 |
| Ziggurat | 8 | 1200 | / | 400 |
| Altar of Darkness | 1 | 180 | / | 50 |
| Crypt | 1 | 200 | / | 50 |
| Graveyard | 1 | 215 | / | 0 |
| Tomb of Relics | 1 | 130 | / | 30 |
| Slaughterhouse | 2 | 280 | / | 270 |
| Halls of the Dead | 1 | 320 | / | 210 |
| Black Citadel | 1 | 325 | / | 230 |
| total: | 14 | 2205g | / | 800w |
| 0:07 | Acolyte |
| 0:07 | Acolyte |
| 0:10 | Ziggurat |
| 0:14 | Altar of Darkness |
| 0:39 | Crypt |
| 1:06 | Graveyard |
| 1:09 | Acolyte |
| 1:28 | Ziggurat |
| 1:45 | Ghoul |
| 1:46 | Ghoul |
| 1:49 | Ghoul |
| 1:58 | Nerubian Tower |
| 2:10 | Ghoul |
| 2:25 | Carrion Beetles |
| 2:35 | Crypt Fiend |
| 2:54 | Crypt Fiend |
| 3:42 | Halls of the Dead |
| 3:46 | Ziggurat |
| 4:20 | Creature Attack |
| 4:21 | Crypt Fiend |
| 4:28 | Nerubian Tower |
| 4:47 | Crypt Fiend |
| 4:51 | Spiked Carapace |
| 5:22 | Crypt Fiend |
| 5:25 | Creature Carapace |
| 6:03 | Carrion Beetles |
| 6:48 | Slaughterhouse |
| 6:53 | Slaughterhouse |
| 7:34 | Web |
| 7:35 | Crypt Fiend |
| 7:37 | Improved Creature Attack |
| 7:44 | Vampiric Aura |
| 8:36 | Black Citadel |
| 8:44 | Tomb of Relics |
| 8:58 | Crypt Fiend |
| 8:58 | Crypt Fiend |
| 9:19 | Ziggurat |
| 9:21 | Ziggurat |
| 9:44 | Spiked Carapace |
| 10:15 | Obsidian Statue |
| 10:16 | Obsidian Statue |
| 10:19 | Unholy Strength |
| 10:21 | Unholy Armor |
| 11:11 | Disease Cloud |
| 11:12 | Abomination |
| 11:50 | Abomination |
| 11:50 | Abomination |
| 13:14 | Abomination |
| 13:49 | Acolyte |
| 13:49 | Acolyte |
| 13:49 | Acolyte |
| 13:49 | Acolyte |
| 14:01 | Abomination |
| 14:02 | Improved Unholy Armor |
| 14:04 | Crypt Fiend |
| 14:04 | Crypt Fiend |
| 14:40 | Ziggurat |
| 14:43 | Ziggurat |
| 15:52 | Gargoyle |
| 15:52 | Crypt Fiend |
| 16:14 | Crypt Fiend |
| 16:15 | Abomination |
| 16:16 | Abomination |
| 16:32 | Nerubian Tower |
| 16:37 | Abomination |
| 16:49 | Advanced Unholy Armor |
| 17:22 | Improved Creature Carapace |
| 17:32 | Meat Wagon |
| 17:33 | Meat Wagon |
| 17:50 | Scroll of Town Portal |
| 18:27 | Meat Wagon |
| 18:27 | Meat Wagon |
| 19:44 | Crypt Fiend |
| 19:44 | Crypt Fiend |
| 19:50 | Ziggurat |
| Right click | 514 |
| Select | 312 |
| Misc. action | 151 |
| Build/train/purchase | 68 |
| Use ability | 5 |
โ